 Dungeon Crawl Stone Soup version 0.25-a0-1119-g28b6fd0c3b (webtiles) character file.

Game seed: 8015495725282006330, levelgen mode: deterministic

172 vurker the Grave Robber (level 5, -3/38 HPs)
             Began as a Vampire Necromancer on May 18, 2020.
             Killed by divine providence
             ... invoked by an orc priest
              (15 damage)
             ... on level 3 of the Dungeon.
             The game lasted 00:07:48 (3281 turns).

vurker the Grave Robber (Vampire Necromancer)       Turns: 3281, Time: 00:07:49

Health: -3/38      AC:  2    Str:  7    XL:     5   Next: 27%
Magic:  10/10      EV: 12    Int: 19    God:
Gold:   123        SH:  0    Dex: 14    Spells: 3/11 levels left

rFire    . . .     SeeInvis +   b - +1 hunting sling
rCold    . . .     Gourm    .   (no shield)
rNeg     . . .     Faith    .   o - +0 robe
rPois    .         Spirit   .   (no helmet)
rElec    .         Reflect  .   (no cloak)
rCorr    .         Harm     .   (no gloves)
MR       .....                  (no boots)
Stlth    ++........             e - amulet of magic regeneration
HPRegen  0.32/turn              (no ring)
MPRegen  0.37/turn              (no ring)

@: regenerating quickly
A: no food, fangs 3, see invisible, unbreathing
a: Exsanguinate


You were on level 3 of the Dungeon.
You were alive.

You visited 1 branch of the dungeon, and saw 3 of its levels.

You collected 123 gold pieces.

Inventory:

Hand Weapons
 a - a +0 spear
   (You took it off a gnoll on level 2 of the Dungeon)
 b - a +1 hunting sling (weapon)
   (You found it on level 1 of the Dungeon)
Missiles
 l - 2 throwing nets
 m - 28 stones (quivered)
Armour
 o - a +0 robe (worn)
Jewellery
 e - an amulet of magic regeneration (around neck)
   (You found it on level 3 of the Dungeon)
Scrolls
 h - a scroll of immolation
 t - a scroll of teleportation
Potions
 c - 3 potions of haste
 f - a potion of mutation {unknown}
 g - a potion of stabbing {unknown}
 k - a potion of lignification {unknown}
 p - a potion of invisibility {unknown}
 s - a potion of curing {unknown}


   Skills:
 + Level 1.6 Fighting
 - Level 2.1 Dodging
 - Level 3.0 Stealth
 * Level 3.5 Spellcasting
 * Level 5.7 Necromancy


You had 3 spell levels left.
You knew the following spells:

 Your Spells              Type           Power        Failure   Level  Hunger
a - Pain                  Necr           ####         1%          1    N/A
c - Vampiric Draining     Necr           ####......   4%          3    N/A
q - Animate Dead          Necr           N/A          14%         4    N/A

Your spell library contained the following spells:

 Spells                   Type           Power        Failure   Level  Hunger
 Animate Skeleton         Necr           N/A          1%          1    N/A
 Agony                    Necr           ####....     36%         5    N/A

Dungeon Overview and Level Annotations

Branches:
Dungeon (3/15)

Altars:


Innate Abilities, Weirdness & Mutations

You do not eat.
Your natural rate of healing is unusually fast.
You have razor-sharp teeth.
You have supernaturally acute eyesight. (SInv)
You can survive without breathing.


Message History

An orc is nearby!
Firing (i - inventory. (/) - cycle)
m - 37 stones (quivered)
Aim: an orc, wielding a +0 falchion (wandering, hasn't noticed you)
You shoot a stone. The stone closely misses the orc.
The orc shouts!
You hear a shout!
The orc priest shouts!
You hear a shout!
Firing (i - inventory. (/) - cycle)
m - 36 stones (quivered)
Aim: an orc, wielding a +0 falchion You shoot a stone.
The stone hits the orc but does no damage.
A bat comes into view.
An adder comes into view.
Firing (i - inventory. (/) - cycle)
m - 35 stones (quivered)
Aim: an orc, wielding a +0 falchion You shoot a stone.
The stone hits the orc.
Firing (i - inventory. (/) - cycle)
m - 34 stones (quivered)
Aim: an orc, wielding a +0 falchion (heavily wounded)
You shoot a stone. The stone hits the orc.
You kill the orc!
No target in view!
You start waiting.
Your magical contamination has completely faded away.
The orc priest is too close now for your liking.
Firing (i - inventory. (/) - cycle)
m - 33 stones (quivered)
Aim: an orc priest, wielding a +0 flail and wearing a +0 ring mail (wandering, hasn't noticed you)
You shoot a stone. The orc priest shouts!
The stone hits the orc priest but does no damage.
Firing (i - inventory. (/) - cycle)
m - 32 stones (quivered)
Aim: an orc priest, wielding a +0 flail and wearing a +0 ring mail You shoot a stone.
The stone hits the orc priest.
Firing (i - inventory. (/) - cycle)
m - 31 stones (quivered)
Aim: an orc priest, wielding a +0 flail and wearing a +0 ring mail (lightly wounded)
You shoot a stone. The stone hits the orc priest.
The orc priest mumbles some strange prayers to Beogh against you.
Beogh smites you!
Firing (i - inventory. (/) - cycle)
m - 30 stones (quivered)
Aim: an orc priest, wielding a +0 flail and wearing a +0 ring mail (lightly wounded)
You shoot a stone.
The stone closely misses the orc priest.
The orc priest calls down the wrath of Beogh upon you.
Beogh smites you!
* * * LOW HITPOINT WARNING * * *
You are too injured to fight recklessly!
You are too injured to fight recklessly!
Firing (i - inventory. (/) - cycle)
m - 29 stones (quivered)
Aim: an orc priest, wielding a +0 flail and wearing a +0 ring mail (lightly wounded)
You shoot a stone.
The stone closely misses the orc priest.
The orc priest invokes the aid of Beogh against you.
Beogh smites you!
You die...

#.....#.......###
#.....#.........#
#.....#.........##
#.....o...†.......
#.....#.......####
#.....#.......#
#.....##.####†# #.....##.##
#.### ###.####@.###...##
#..##≈≈.≈≈##)..#
###.≈≈≈≈≈≈≈.##.### .
#####≈≈≈≈≈#≈≈≈≈≈#...## ..
#..#≈≈≈≈#...#≈≈≈≈....#
...#####.#.#≈≈≈.≈).≈≈≈≈≈.##.#
.........#≈≈≈≈≈≈#.≈≈≈≈#≈≈#.(#
... #.#≈≈≈≈≈#≈≈.≈≈≈≈#≈≈≈.##
...####..≈≈#)≈≈≈8..≈≈≈≈≈≈≈..#


You could see an orc priest.

Vanquished Creatures
  8 gnolls
  An adder (D:3)
  2 worms
  9 dart slugs
  2 leopard geckos
  2 orcs (D:3)
  3 giant cockroaches
  4 goblins
  4 hobgoblins
  8 jackals
  6 kobolds
  3 bats
  3 frilled lizards
  9 rats
64 creatures vanquished.

Notes
Turn   | Place    | Note
-------+----------+-------------------------------------------
     0 | D:1      | vurker the Vampire Necromancer began the quest for the Orb.
     0 | D:1      | Reached XP level 1. HP: 13/13 MP: 3/3
   211 | D:1      | Reached XP level 2. HP: 20/20 MP: 3/5
  1135 | D:2      | Reached XP level 3. HP: 25/25 MP: 3/6
  1445 | D:2      | Found a faded altar of an unknown god.
  1573 | D:2      | Reached skill level 1 in Fighting
  1573 | D:2      | Reached skill level 5 in Necromancy
  1857 | D:2      | Reached XP level 4. HP: 31/32 MP: 4/8
  2758 | D:2      | Learned a level 4 spell: Animate Dead
  2762 | D:2      | Learned a level 3 spell: Vampiric Draining
  2835 | D:3      | Reached XP level 5. HP: 35/37 MP: 6/10
  3281 | D:3      | Killed from afar by an orc priest

Illustrated notes

Levels and vault maps discovered:
D:1:      dpeg_arrival_another_circle, layout_basic
D:2:      layout_basic, chequers_ecumenical_altar_island
D:3:      kennysheep_slugbush, layout_basic, hangedman_decor_points

Skill      XL: |  1  2  3 |
---------------+----------+-----
Fighting       | 1 |  1.6
Necromancy     | 5 |  5.7
Spellcasting   | 3 |  3.5
Dodging        | |  2.1
Stealth        | |  3.0

Action                   |  1- 3 |  4- 6 || total
-------------------------+-------+-------++-------
Melee: Unarmed           |    13 |       ||    13
       Spear             |       |     7 ||     7
 Fire: Hunting sling     |     6 |    86 ||    92
Throw: Throwing net      |       |     2 ||     2
 Cast: Pain              |    65 |    39 ||   104
       Animate Dead      |       |     2 ||     2
  Use: Scroll            |       |     9 ||     9
Armor: Robe              |     8 |     3 ||    11
Dodge: Dodged            |    26 |    35 ||    61

Table legend:
 A = Non-vault XP
 B = Vault XP
 C = Vault XP percentage of total XP
 D = Non-vault monster count
 E = Vault monster count
 F = Vault count percentage of total count
                 A         B        C        D         E       F
            +---------+---------+-------+---------+---------+-------
      Total |     215 |      32 |  13.0 |      56 |       8 |  12.5
            +---------+---------+-------+---------+---------+-------
        D:1 |      40 |       0 |   0.0 |      22 |       0 |   0.0
        D:2 |     103 |       0 |   0.0 |      22 |       0 |   0.0
        D:3 |      72 |      32 |  30.8 |      12 |       8 |  40.0
            +---------+---------+-------+---------+---------+-------
